Cogmind - Beta 16.1 @@@ ROGUE MODE // 2026.03.02 @ 18:42:07 Player: Kakograf Result: Destroyed by L-31 Rogue with Katana Performance ------------- Evolutions (0) 0 Regions Visited (4) 800 Robots Destroyed (17) 85 Value Destroyed (376) 376 Prototype IDs (0) 0 Alien Tech Used (0) 0 Bonus (0) 0 TOTAL SCORE: 1261 Bonus ------- None Cogmind --------- Core Integrity 0/250 Matter 245/300 Energy 255/275 System Corruption 1% Temperature Cool (65) Movement Treading (240) Ox1 Location -8/Recycling Parts ------- > --- POWER (1) -------- Deuterium Engine > --- PROPULSION (2) --- Light Treads > --- UTILITY (2) ------ Small Storage Unit Improved Targeting Computer > --- WEAPON (2) ------- Heavy Particle Cannon Assault Cannon > --- INVENTORY (8) ---- Aluminum Leg Weight Redist. System Improved Sensor Array Improved Signal Interpreter Hacking Suite Heavy Battle Rifle Peak State ------------ > --- POWER ------------ Deuterium Engine > --- PROPULSION ------- Light Treads Light Treads > --- UTILITY ---------- Small Storage Unit Improved Targeting Computer > --- WEAPON ----------- High-powered Shotgun Heavy Battle Rifle > --- INVENTORY -------- Aluminum Leg Weight Redist. System Improved Sensor Array Improved Signal Interpreter Hacking Suite Heavy Particle Cannon Assault Cannon [Rating: 16] Favorites ----------- Power Ion Engine Engine Ion Engine Propulsion Aluminum Leg Treads Light Treads Leg Aluminum Leg Utility Small Storage Unit Storage Small Storage Unit Processor Improved Targeting Computer Weapon High-powered Shotgun Energy Gun EM Pulse Gun Ballistic Gun High-powered Shotgun Ballistic Cannon Assault Cannon Build | -11 -10 -10 -10 -8 ------- Run | Yrd Mat Min Sub Rec Slots Evolved . | . . . . . Power . | . . . . . Propulsion . | . . . . . Utility . | . . . . . Weapon . | . . . . . Parts Attached 15 | 6 1 4 3 1 Power 2 | 1 . 1 . . Engine 2 | 1 . 1 . . Core . | . . . . . Reactor . | . . . . . Propulsion 4 | 2 . . 2 . Treads 2 | . . . 2 . Leg 2 | 2 . . . . Wheel . | . . . . . Hover . | . . . . . Flight . | . . . . . Utility 2 | 1 1 . . . Device . | . . . . . Storage 1 | 1 . . . . Processor 1 | . 1 . . . Hackware . | . . . . . Protection . | . . . . . Artifact . | . . . . . Weapon 7 | 2 . 3 1 1 Energy Gun 2 | 1 . 1 . . Energy Cannon 1 | . . . . 1 Ballistic Gun 3 | 1 . 2 . . Ballistic Cannon 1 | . . . 1 . Launcher . | . . . . . Special Weapon . | . . . . . Impact Weapon . | . . . . . Slashing Weapon . | . . . . . Piercing Weapon . | . . . . . Special Melee Weapon . | . . . . . Unidentified Prototypes . | . . . . . Parts Lost 3 | . . 1 . 2 Power . | . . . . . Propulsion 1 | . . . . 1 Utility . | . . . . . Weapon 2 | . . 1 . 1 Highest Loss Streak 2 | . . 1 . 2 To Critical Strikes . | . . . . . Average Backups 6 | 1 6 7 7 7 Power . | . 1 . . . Propulsion 1 | . 2 2 1 1 Utility 3 | . 2 3 4 4 Weapon 1 | . 1 1 2 2 Tool/Special . | . . . . . Unused Backups 9 | . . 5 . 4 Power 1 | . . 1 . . Propulsion 1 | . . 1 . . Utility 6 | . . 2 . 4 Weapon 1 | . . 1 . . Tool/Special . | . . . . . Average Slot Usage (%) 95 | . 98 89 99 94 Engine 13 | . 14 13 14 14 Treads 9 | . . . 27 25 Leg 16 | . 28 23 . . Storage 14 | . 14 14 14 14 Processor 13 | . 12 14 14 14 Energy Gun 7 | . 14 9 . . Ballistic Gun 18 | . 14 14 26 11 Peak Build Rating 16 | 6 9 15 16 15 Average Rating 11 | 4 8 10 15 14 On Entrance 9 | . 6 9 15 15 Avg Prop Armor Cover (%) . | . . . . . Naked Turns . | . . . . . Heaviest Build 22 | 13 13 21 22 22 Greatest Support 40 | 20 20 20 40 40 Greatest Overweight (x) 2 | 1 . 2 2 . Average Overweight (x) . | . . . . . Largest Inventory Capacity 8 | 8 8 8 8 8 Average Capacity 7 | 6 8 8 8 8 Most Carried 8 | 4 8 8 8 7 Average Carried 7 | 2 6 7 7 7 Final Capacity 8 | 8 8 8 8 8 Final Carried 8 | 4 8 8 7 6 Class Distribution -------------------- 100% | Mutant Dominant Class ---------------- Mutant | -10/Materials Mutant | -10/Mines Mutant | -10/Subcaves Mutant | -8/Recycling Resources | -11 -10 -10 -10 -8 ----------- Run | Yrd Mat Min Sub Rec Matter Collected 457 | 190 82 49 136 . Remotely . | . . . . . Salvage Created 354 | . 110 105 100 39 Parts 37 | . 11 12 12 2 Haulers Intercepted . | . . . . . Recyclers Shooed 1 | . 1 . . . Parts Field Recycled . | . . . . . Retrieved Matter . | . . . . . Parts Self-Destructed 17 | . . . 17 . Prevented . | . . . . . Parts Restored . | . . . . . Kills | -11 -10 -10 -10 -8 ------- Run | Yrd Mat Min Sub Rec Combat Hostiles Destroyed 14 | . 2 6 5 1 Guns 14 | . 2 6 5 1 Classes Destroyed 6 | . 3 1 1 1 Operator 2 | . 2 . . . Watcher 1 | . 1 . . . Swarmer 8 | . . 6 2 . Grunt 2 | . 2 . . . Programmer 1 | . . . . 1 Subdweller 3 | . . . 3 . Best Kill Streak 3 | . 2 3 3 1 Combat Bots Only 3 | . 2 3 3 1 Max Kills in Single Turn 1 | . 1 1 1 1 Gunslinging . | . . . . . Exploded . | . . . . . Melee . | . . . . . Uniques/NPCs Destroyed . | . . . . . Combat | -11 -10 -10 -10 -8 -------- Run | Yrd Mat Min Sub Rec Hostile Shots Fired 121 | . 6 17 76 22 Missed 49 | . . 6 39 4 Hits 72 | . 6 11 37 18 Melee 1 | . . . . 1 Projectile 71 | . 6 11 37 17 AOE 3 | . . . 3 . Critical Strikes 3 | . . 1 . 2 Damage Taken 1058 | . 100 91 586 281 Core 251 | . 10 14 183 44 Absorbed by Shields . | . . . . . Core Remaining (%) 100 | 100 . . . . Volleys Fired 42 | . 9 11 15 7 Largest 2 | . 2 2 2 2 Hottest 70 | . 60 70 62 62 Shots Fired 81 | . 18 22 29 12 Gun 72 | . 18 22 27 5 Cannon 9 | . . . 2 7 Launcher . | . . . . . Special . | . . . . . Kinetic 61 | . 9 11 29 12 Thermal 9 | . . 9 . . Explosive . | . . . . . Electromagnetic 11 | . 9 2 . . Robot Hit Streak 12 | . 4 8 12 2 Robot Miss Streak 4 | . 2 2 4 2 Penetration Max . | . . . . . Secondary Targets 7 | . 1 2 4 . Max Gunslinging Chain 1 | . 1 1 1 . Shots Hit Robots 54 | . 11 15 19 9 Core Hits 25 | . 7 7 8 3 Critical Kills . | . . . . . Critical Parts Destroyed . | . . . . . Critical Strikes . | . . . . . Melee Attacks . | . . . . . Impact . | . . . . . Slashing . | . . . . . Piercing . | . . . . . Sneak Attacks . | . . . . . Combat Hostiles . | . . . . . Follow-up Attacks . | . . . . . Damage Inflicted 952 | . 162 160 414 216 Guns 758 | . 129 160 414 55 Cannons 161 | . . . . 161 Explosions 22 | . 22 . . . Melee . | . . . . . Ramming 11 | . 11 . . . Kinetic 724 | . 34 60 414 216 Thermal 110 | . 22 88 . . Explosive . | . . . . . Electromagnetic 107 | . 95 12 . . Impact . | . . . . . Slashing . | . . . . . Piercing . | . . . . . Highest Corruption 1 | . . . . 1 Average Corruption 1 | . . . . 1 Corruption Purged . | . . . . . Corruption Blocked . | . . . . . Overload Shots . | . . . . . Overflow Damage 21 | . . . . 21 Projectiles 21 | . . . . 21 Explosions . | . . . . . Melee . | . . . . . Knockbacks 2 | . 1 . . 1 Impact 1 | . 1 . . . Kinetic 1 | . . . . 1 Secondary . | . . . . . Self-Inflicted Damage 31 | . 31 . . . Shots 1 | . 1 . . . Rammed . | . . . . . Targets Rammed 2 | . 2 . . . Kicked 2 | . 2 . . . Crushed . | . . . . . Highest Temperature 110 | . 64 110 . 66 Average Temperature 33 | . 21 45 . 27 Received Heat Transfer 192 | . 33 . 96 63 Siege Activations . | . . . . . Martial Activations . | . . . . . Shielding Activations . | . . . . . Robots Disrupted . | . . . . . Combat Hostiles . | . . . . . Robots Corrupted . | . . . . . Combat Hostiles . | . . . . . Parts Fried . | . . . . . Impact Corruptions . | . . . . . Robots Melted . | . . . . . Combat Hostiles . | . . . . . Parts Melted . | . . . . . Heat Transferred 309 | . 50 259 . . Parts Sabotaged . | . . . . . Parts Stolen . | . . . . . Parts Stripped . | . . . . . Power Chain Reactions 1 | . 1 . . . Alert | -11 -10 -10 -10 -8 ------- Run | Yrd Mat Min Sub Rec Maximum Alert Level . | . . . . . Low Security (%) 100 | 100 100 100 . 100 Level 1 . | . . . . . Level 2 . | . . . . . Level 3 . | . . . . . Level 4 . | . . . . . Level 5 . | . . . . . High Security . | . . . . . Max Security . | . . . . . Peak Influence 101 | . 50 101 . 57 Initial 46 | . . 11 . 46 Average 16 | . 5 22 . 47 Influence Increases 370 | . 79 140 130 21 Destroy 0b10 Robot/C 220 | . 40 120 40 20 Destroy 0b10 Robot/NC 15 | . 15 . . . Destroy Leader 32 | . 12 20 . . Successful Hack 8 | . 8 . . . Destroy Structure 5 | . 4 . . 1 Lose Combat Pursuer 90 | . . . 90 . Influence Decreases 333 | . 49 170 32 82 Entered New Map 71 | . . 19 . 52 Time Decay 232 | . 49 141 32 10 Lost Part 30 | . . 10 . 20 Squads Dispatched 2 | . 1 1 . . Investigation 1 | . . 1 . . Extermination . | . . . . . Reinforcement 1 | . 1 . . . Assault . | . . . . . Garrison . | . . . . . Intercept . | . . . . . Searches Triggered . | . . . . . Construction Impeded . | . . . . . Haulers Reinforced . | . . . . . Active Scanning Responses . | . . . . . Cargo Convoy Interrupts . | . . . . . Stealth | -11 -10 -10 -10 -8 --------- Run | Yrd Mat Min Sub Rec Distress Signals 1 | . 1 . . . Communications Jammed . | . . . . . Distress Signals . | . . . . . Times Spotted 39 | . 13 6 16 4 Peak Tracking Total 7 | . 6 3 7 4 Tactical Retreats 2 | . . . 2 . Traps | -11 -10 -10 -10 -8 ------- Run | Yrd Mat Min Sub Rec Traps Triggered 1 | . . 1 . . Indirectly . | . . . . . Trap Hack Attempts . | . . . . . Triggered . | . . . . . Disarmed 4 | . 4 . . . Reprogrammed . | . . . . . Reused . | . . . . . Traps Extracted . | . . . . . Installed . | . . . . . Triggered . | . . . . . Machines | -11 -10 -10 -10 -8 ---------- Run | Yrd Mat Min Sub Rec Machines Disabled 1 | . . . 1 . Max in Single Turn 1 | . . . 1 . Machines Repaired . | . . . . . Machines Dismantled . | . . . . . Machines Sabotaged . | . . . . . Overloaded Fab Kills . | . . . . . Hacking | -11 -10 -10 -10 -8 --------- Run | Yrd Mat Min Sub Rec Machines Accessed 5 | . 3 2 . . Terminals 3 | . 3 . . . Fabricators . | . . . . . Repair Stations . | . . . . . Recycling Units . | . . . . . Scanalyzers . | . . . . . Garrison Access . | . . . . . Total Hacks 10 | . 8 2 . . Successful 5 | . 3 2 . . Failed 5 | . 5 . . . Catastrophic 1 | . 1 . . . Database Lockouts . | . . . . . Manual 4 | . 4 . . . Terminals 8 | . 8 . . . Fabricators . | . . . . . Repair Stations . | . . . . . Recycling Units . | . . . . . Scanalyzers . | . . . . . Garrison Access . | . . . . . Terminal Hacks 5 | . 3 2 . . Open Door 2 | . . 2 . . Terminal Index 1 | . 1 . . . Disarm Traps 1 | . 1 . . . Zone Layout 1 | . 1 . . . Fabricator Hacks . | . . . . . Repair Station Hacks . | . . . . . Recycling Unit Hacks . | . . . . . Scanalyzer . | . . . . . Garrison Access Hacks . | . . . . . Unauthorized Hacks . | . . . . . Terminals . | . . . . . Fabricators . | . . . . . Repair Stations . | . . . . . Recycling Units . | . . . . . Scanalyzers . | . . . . . Garrison Access . | . . . . . Data Cores Recovered 2 | . 2 . . . Used 1 | . 1 . . . Hacking Detections 3 | . 3 . . . Full Trace Events . | . . . . . Feedback Events . | . . . . . Feedback Blocked . | . . . . . Robot Schematics Acquired . | . . . . . Robots Built . | . . . . . Authchips . | . . . . . Time . | . . . . . Total Robot Build Rating . | . . . . . Part Schematics Acquired . | . . . . . Parts Built . | . . . . . Authchips . | . . . . . Time . | . . . . . Total Part Build Rating . | . . . . . Part Studies Acquired . | . . . . . Parts Repaired . | . . . . . Time . | . . . . . Parts Recycled . | . . . . . Recycled Matter . | . . . . . Retrieved Matter . | . . . . . Retrieved Components . | . . . . . Parts Scanalyzed . | . . . . . Part Schematics Acquired . | . . . . . Parts Damaged . | . . . . . Bothacking | -11 -10 -10 -10 -8 ------------ Run | Yrd Mat Min Sub Rec Used RIF Installer . | . . . . . Robots Hacked . | . . . . . Non-combat . | . . . . . Combat . | . . . . . Robot Hacks Applied . | . . . . . Relay Couplers Released . | . . . . . Fabnet Peak Effective % . | . . . . . Robots Rewired . | . . . . . Allies Hacked . | . . . . . Hacks Repelled . | . . . . . Allies | -11 -10 -10 -10 -8 -------- Run | Yrd Mat Min Sub Rec Total Allies . | . . . . . Largest Group . | . . . . . Highest-Rated Group . | . . . . . Highest-Rated Ally . | . . . . . Total Orders . | . . . . . Ally Attacks . | . . . . . Total Damage . | . . . . . Kills . | . . . . . Allies Corrupted . | . . . . . Allies Melted . | . . . . . Intel | -11 -10 -10 -10 -8 ------- Run | Yrd Mat Min Sub Rec Active Infowar (turns) . | . . . . . Robot Analysis Total . | . . . . . Derelict Logs Recovered 2 | . . 1 1 . Drone Launches . | . . . . . Drone Recoveries . | . . . . . Exploration | -11 -10 -10 -10 -8 ------------- Run | Yrd Mat Min Sub Rec Turns Passed 1569 | 78 348 623 481 39 Spaces Moved 979 | 60 253 386 268 12 Core 12 | 12 . . . . Treads 279 | . . . 267 12 Legs 688 | 48 253 386 1 . Wheels . | . . . . . Hover . | . . . . . Flight . | . . . . . Fastest Speed 50 | 50 120 120 160 160 Average Speed 142 | 109 120 149 160 160 Slowest Speed 260 | 120 120 260 260 160 Overloaded Moves . | . . . . . Propulsion Burnouts . | . . . . . Robots Hopped . | . . . . . Potential Cave-ins . | . . . . . Cave-ins Triggered . | . . . . . Exploration Rate (%) 29 | 3 49 63 29 5 Regions Visited 4 Branch Regions 3 Pre-discovered Areas . | . . . . . Known Exits Taken 1 | . . . 1 . Unknown Exits Taken 3 | 1 1 1 . . Scrap Searched . | . . . . . Spaces Dug . | . . . . . Terrain Destroyed 4 | . 3 . . 1 Melee . | . . . . . Projectile 1 | . . . . 1 AOE 3 | . 3 . . . Terrain Rammed . | . . . . . Walls Destroyed . | . . . . . Machines Disabled . | . . . . . Actions | -11 -10 -10 -10 -8 --------- Run | Yrd Mat Min Sub Rec Total 1076 | 69 280 418 289 20 Wait 18 | . 12 2 4 . Move 975 | 59 252 385 267 12 Hop . | . . . . . Pick Up 16 | 4 4 8 . . Fast Attach 8 | 6 1 1 . . Attach 5 | . . 3 1 1 Detach 1 | . . 1 . . Swap 2 | . . . 2 . Drop 7 | . . 7 . . Fire 42 | . 9 11 15 7 Melee . | . . . . . Ram . | . . . . . Kick 2 | . 2 . . . Crush . | . . . . . Escape Stasis . | . . . . . Rewire . | . . . . . Trap . | . . . . . Miscellaneous . | . . . . . Route ------- -11/Scrapyard -10/Materials (discovered 2 exits: [*Mat] / *Min) -10/Mines -10/Subcaves (discovered 2 exits: [*Mat] / *Rec) -8/Recycling History --------- Turn | Location | Event 2 | -11/Scrapyard | Discovered new exit (range 16) 79 | -11/Scrapyard | Entered Materials 293 | -10/Materials | Discovered new exit (range 4) 313 | -10/Materials | Build established: Mutant 415 | -10/Materials | Discovered new exit (range 9) 427 | -10/Materials | Entered Mines 589 | -10/Mines | Met a Derelict shopkeep closing up shop 717 | -10/Mines | Found a damaged Exp. Sensor Array with a note attached 759 | -10/Mines | A weapon hastily lodged in a ceiling crevice suddenly fell to the ground 826 | -10/Mines | Met a Derelict who couldn't figure out how to use a Trap Extractor 1024 | -10/Mines | Discovered new exit (range 11) 1050 | -10/Mines | Entered Subcaves 1051 | -10/Subcaves | Approached by a straggling Scientist 1059 | -10/Subcaves | Identified exit to Recycling 1116 | -10/Subcaves | Ambushed by swarm of Subdwellers 1135 | -10/Subcaves | Core integrity fell below 50% 1242 | -10/Subcaves | Shifting Twisted Machinery released Sub. Monowheel 1266 | -10/Subcaves | Shifting Twisted Machinery released Sub. Monowheel 1341 | -10/Subcaves | Discovered new exit (range 9) 1491 | -10/Subcaves | Core integrity fell below 20% 1509 | -10/Subcaves | Lost 3 allies 1531 | -10/Subcaves | Entered Recycling 1532 | -8/Recycling | Met a Zionite searching for Scraptown 1570 | -8/Recycling | Destroyed by L-31 Rogue with Katana Last Messages --------------- GOAL=ESCAPE ZZ-EPM(z): "You there! You wouldn't happen to know where Scraptown is, do you?" ZZ-EPM(z): "I've heard great things about that place, but almost no one seems to know where to find it, only that you access it somewhere from Recycling here." ZZ-EPM(z): "Anyway I've been here searching too long already, time to slink back to the caves before I'm caught. You'd best do the same." Y-45 Defender springs to life. P-60 Hacker destroyed. Destroyed Shock Rifle. Destroyed Gravmag System. Destroyed Remote Datajack. Critical hit (Burn: +37). Hpw. Shotgun destroyed. Lgt. Treads destroyed. L-31 Rogue knocked back. R-06 Scavenger collects Target Analyzer. Map ----- +----------------------------------------------------+ | | | ?????????????????????????????????????????????????? | | ?????????????????????????????????????????????????? | | ?????????????????????????????????????????????????? | | ?????????????????????????????????????????????????? | | ?????????????????????????????????????????????????? | | ?????????????????????????????????????????????????? | | ?????????????????????????????????????????????????? | | ?????????????????????????????????????????????????? | | ?????????????????????????????????????????????????? | | ?????????????????????????????????????????????????? | | ?????????????????????????????????????????????????? | | ?????????????????????????????????????????????????? | | ???????????????????????????######????????????????? | | ????????????????????????#?? ????????????????? | | ????????????????????????# ????????????????? | | ????????????????????????# """ """ #??????????????? | | ????????????????????????# """ """ #??????????????? | | ????????????????????????# """ """ #??????????????? | | ????????????????????????# """ """ #??????????????? | | ????????????????????????# """ #??????????????? | | ??????????????????????### #??????????????? | | ???????????#;###+######Y#####+######?????????????? | | ?????????? % #?????????????? | | ?????????? % l #?????????????? | | ?????????? rp= @ #?????????????? | | ?????????????######/################?????????????? | | ?????????????????????????????????????????????????? | | ?????????????????????????????????????????????????? | | ?????????????????????????????????????????????????? | | ?????????????????????????????????????????????????? | | ?????????????????????????????????????????????????? | | ?????????????????????????????????????????????????? | | ?????????????????????????????????????????????????? | | ?????????????????????????????????????????????????? | | ?????????????????????????????????????????????????? | | ?????????????????????????????????????????????????? | | ?????????????????????????????????????????????????? | | ?????????????????????????????????????????????????? | | ?????????????????????????????????????????????????? | | ?????????????????????????????????????????????????? | | ?????????????????????????????????????????????????? | | ?????????????????????????????????????????????????? | | ?????????????????????????????????????????????????? | | ?????????????????????????????????????????????????? | | ?????????????????????????????????????????????????? | | ?????????????????????????????????????????????????? | | ?????????????????????????????????????????????????? | | ?????????????????????????????????????????????????? | | ?????????????????????????????????????????????????? | +----------------------------------------------------+ Best States ------------- Heat Dissipation 25 Energy Generation 14 Energy Capacity 275 Matter Stores 300 Matter Capacity 300 Sight Range 16 Terrain Scan Density 10 Evasion (%) 55 Targeting Accuracy 6 Recoil Reduction 2 Item Schematics ----------------- None Robot Schematics ------------------ None Fabricated ------------ Nothing Repaired ---------- Nothing Studied --------- None Alien Tech Used ----------------- None Achievements -------------- None Challenges ------------ None Game ------ Seed ShieldHeavyFist Manual? 0 Play Time 00:20:06 Cumulative 18.1 hours Start 2026.03.01 @ 12:59:08 End 2026.03.02 @ 18:42:07 Sessions 2 Manual Loads 0 Difficulty Rogue Special Mode None Game No. 26 Rogue 26 Adventurer 0 Explorer 0 Win Type - Total 0 Types 0/0/0/0/0/0/0/0/0/0 Lore% 3 Gallery% 18 Achievement% 14 Wizard Run 0 Options --------- Layout 1 ASCII 0 Keyboard 1 Movement Arrows Keybinds 0 Fullscreen 1 Font 24/Smallcaps Map View 50x35 Zoom Use 0% Tactical HUD 0 Map Filters NONE Filters NONE Steam 1 RUN: 14f80b8d-d520-4661-ba20-098e4f865568